 Dungeon Crawl Stone Soup version 0.26-a0-158-g66bac3c (webtiles) character file.

Game seed: 17446328727689037805

24877 Firecrotchwizard the Impaler (level 13, -6/122 HPs)
             Began as a Hill Orc Monk on July 3, 2020.
             Was a Priest of Beogh.
             Mangled by a wolf spider simulacrum (13 damage)
             ... in an ice cave.
             The game lasted 00:34:14 (19187 turns).

Firecrotchwizard the Impaler (Hill Orc Monk)       Turns: 19187, Time: 00:34:14

Health: -6/122     AC: 20    Str: 19    XL:     13   Next: 16%
Magic:  22/22      EV:  8    Int: 10    God:    Beogh [***...]
Gold:   570        SH:  0    Dex: 13    Spells: 12/12 levels left

rFire    x . .     SeeInvis .   E - +4 halberd
rCold    + . .     Faith    .   (shield currently unavailable)
rNeg     . . .     Spirit   .   u - +0 chain mail
rPois    .         Reflect  .   e - +0 helmet
rElec    .         Harm     .   y - +1 cloak
rCorr    .                      q - +2 pair of gloves
MR       .....                  (no boots)
Stlth    ..........             (no amulet)
HPRegen  0.30/turn              N - ring of ice {rC+, rF-}
MPRegen  0.18/turn              I - +4 ring of protection

@: no status effects
A: no striking features
a: Smiting, Renounce Religion


You were in an ice cave.
You worshipped Beogh.
Beogh was most pleased with you.
You were not hungry.

You visited 2 branches of the dungeon, and saw 14 of its levels.
You also visited: Ice Cave.

You collected 900 gold pieces.
You spent 330 gold pieces at shops.

Inventory:

Hand Weapons
 a - the cursed +1 halberd "Enlacy" {antimagic, Int+10}
   (You found it on level 9 of the Dungeon)

   It reduces the magical energy of the wielder, and disrupts the spells and
   magical abilities of those hit.
   Natural abilities and divine invocations are not affected.
   It affects your intelligence (+10).
   It has a curse placed upon it.
 E - a +4 halberd (weapon)
   (You took it off a wight on level 8 of the Dungeon)
Missiles
 j - 4 atropa-tipped darts
 L - 10 curare-tipped darts
Armour
 e - a +0 helmet (worn)
   (You found it on level 1 of the Dungeon)
 k - a +0 ring mail
   (You found it on level 1 of the Dungeon)
 q - a +2 pair of gloves (worn)
   (You found it on level 2 of the Dungeon)
 s - a +0 hat of see invisible
   (You found it on level 3 of the Dungeon)
 u - a +0 chain mail (worn)
   (You found it on level 3 of the Dungeon)
 w - a +0 ring mail of poison resistance
   (You found it on level 4 of the Dungeon)
 y - a +1 cloak (worn)
   (You found it on level 7 of the Dungeon)
Jewellery
 l - an uncursed ring of see invisible {sInv, !d}
   (You bought it in a shop on level 9 of the Dungeon)
 p - an uncursed ring of poison resistance {rPois, !d}
   (You found it on level 10 of the Dungeon)
 I - a +4 ring of protection (right hand)
   (You bought it in a shop on level 9 of the Dungeon)
 N - a ring of ice (left hand) {rC+, rF-}
   (You took it off Fannar on level 1 of the Lair of Beasts)
 P - an uncursed ring of fire {rF+, rC-}
   (You found it on level 3 of the Lair of Beasts)
 S - a +6 ring of intelligence
   (You found it on level 4 of the Lair of Beasts)
Wands
 b - a wand of acid (7)
   (You found it on level 9 of the Dungeon)
 d - a wand of iceblast (31)
   (You found it on level 4 of the Dungeon)
 F - a wand of enslavement (11)
   (You took it off a gnoll on level 8 of the Dungeon)
 M - a wand of flame (30)
   (You found it on level 10 of the Dungeon)
 Q - a wand of disintegration (16)
   (You found it on level 3 of the Lair of Beasts)
Scrolls
 i - 10 scrolls of remove curse
 m - a scroll of fog
 o - 2 scrolls of enchant weapon
 B - a scroll of blinking {!r}
 C - 3 scrolls of teleportation
 J - a scroll of immolation {!r}
 K - 5 scrolls of identify
Potions
 f - 2 potions of cancellation
 g - 2 potions of lignification {!q}
 h - 4 potions of heal wounds
 n - a potion of ambrosia {unknown}
 t - a potion of invisibility {unknown}
 v - 2 potions of brilliance
 x - a potion of mutation {!q}
 z - 2 potions of magic
 A - a potion of resistance {unknown}
 D - a potion of haste
 G - 2 potions of flight
 H - 3 potions of stabbing
 O - 2 potions of curing
Miscellaneous
 r - a phial of floods
   (You found it on level 9 of the Dungeon)
Comestibles
 c - 23 rations
 R - 23 chunks of flesh {@w0}


   Skills:
 + Level 13.6 Fighting
 - Level 16.0 Polearms
 + Level 4.8 Armour
 - Level 2.4 Dodging
 - Level 1.5 Stealth
 + Level 12.7 Invocations


You had 12 spell levels left.
You didn't know any spells.
Your spell library contained the following spells:

 Spells                   Type           Power        Failure   Level  Hunger
 Magic Dart               Conj           #...         99%         1    ##.....
 Searing Ray              Conj           #.....       99%         2    ###....
 Dazzling Flash           Conj/Hex       #.....       100%        3    ####...
 Fulminant Prism          Conj/Hex       #.........   100%        4    #####..
 Iskenderun's Mystic Bla  Conj/Tloc      #.......     100%        4    #####..


Dungeon Overview and Level Annotations

Branches:
Dungeon (10/15)            Temple (0/1) D:7            Lair (4/6) D:10
  Swamp (0/4) Lair:3        Snake (0/4) Lair:2        IceCv (1/1)
    Orc: D:9-12

Altars:
Elyvilon
Hepliaklqana
Nemelex Xobeh
Qazlal
Ru
Uskayaw
Vehumet
Yredelemnul
The Shining One

Shops:
D:9 *   D:10 =[}!

Annotations:
D:4 Edmund, Sigmund


Message History

You butcher the rime drake corpse.
Things that are here:
4 chunks of flesh {@w0}; a rime drake skeleton
R - 20 chunks of flesh {@w0} (gained 4)
S - a pearl ring
There are no items here.
You're wearing all the rings you can.
Remove which one? (? for menu, Esc to quit)
You remove your ring of see invisible {sInv, !d}.
You feel clever.
S - a +6 ring of intelligence (left hand)
You slash the yak! The yak gores you but does no damage.
You hit the yak but do no damage.
You hear the loud crackling of a melting archway.
The yak gores you.
You take 5 damage, and have 37/122 hp.
You hit the yak. You barely miss the yak. The yak barely misses you.
You slash the yak! The yak closely misses you.
You slice the yak!!
You kill the yak!
Beogh accepts your kill. The yak gores you.
You hit the yak but do no damage. The yak closely misses you.
You hit the yak. The yak barely misses you.
You closely miss the yak. The yak gores you but does no damage.
You puncture the yak! You hit the yak. The yak completely misses you.
You slash the yak! The yak completely misses you.
You barely miss the yak. You slice the yak!!
You kill the yak!
Beogh accepts your kill.
You see here a yak corpse.
You butcher the yak corpse.
R - 24 chunks of flesh {@w0} (gained 4)
You see here a yak skeleton.
There is a frozen archway here.
You start resting.
You hear the loud crackling of a melting archway.
You regained 2 hp, and now have 43/122 hp.
You start resting.
You hear the loud crackling of a melting archway.
You regained 8 hp, and now have 51/122 hp.
You start resting.
Some of the chunks of flesh in your inventory have rotted away.
The crackling of melting ice is subsiding rapidly.
You regained 7 hp, and now have 58/122 hp.
The world spins around you as you enter the gateway.
You enter an ice cave! 4 simulacra come into view.
Found an ice covered gate leading back out of this place.
There is an ice choked empty arch of ancient stone here.
You're wearing all the rings you can.
Remove which one? (? for menu, Esc to quit)
You remove your +6 ring of intelligence.
You feel stupid.
p - a ring of poison resistance (left hand) You're wearing all the rings you can.
Remove which one? (? for menu, Esc to quit)
You remove your ring of poison resistance {rPois, !d}.
You feel more attuned to fire.
P - a ring of fire (left hand) You're wearing all the rings you can.
Remove which one? (? for menu, Esc to quit)
You remove your ring of fire {rF+, rC-}.
You feel more attuned to ice.
N - a ring of ice (left hand) {rC+, rF-} You are too injured to fight recklessly!
You are too injured to fight recklessly!
You are too injured to fight recklessly!
You slash the wolf simulacrum!
The wolf simulacrum vapourises!
Beogh accepts your kill.
You slash the death yak simulacrum! You puncture the death yak simulacrum!
The wolf spider simulacrum hits you but does no damage.
The wolf spider simulacrum bites you but does no damage.
The death yak simulacrum gores you but does no damage.
You slash the death yak simulacrum!
The wolf spider simulacrum barely misses you.
The wolf spider simulacrum bites you but does no damage.
You slice the death yak simulacrum!!
The death yak simulacrum vapourises!
Beogh accepts your kill.
The wolf spider simulacrum hits you but does no damage.
The wolf spider simulacrum closely misses you.
You puncture the alligator simulacrum! The wolf spider simulacrum hits you!
The wolf spider simulacrum freezes you! You resist.
The wolf spider simulacrum bites you but does no damage.
The alligator simulacrum closely misses you.
The alligator simulacrum tail-slaps you.
The alligator simulacrum freezes you! You resist.
* * * LOW HITPOINT WARNING * * *
You take 36 damage, and have 25/122 hp.
MASSIVE DAMAGE!!
You slash the wolf spider simulacrum! The wolf spider simulacrum hits you.
* * * LOW HITPOINT WARNING * * *
The wolf spider simulacrum freezes you! You resist.
* * * LOW HITPOINT WARNING * * *
The wolf spider simulacrum bites you.
* * * LOW HITPOINT WARNING * * *
The wolf spider simulacrum freezes you! You resist.
You die...

#### ##..##
##
##....##..##
#....Z.....#
#.∩.@○......
#....Z..##..
##....###
##..## ####


You could see an alligator simulacrum and a wolf spider simulacrum.

Vanquished Creatures
  Josephine (D:10)
  2 hydras
  Fannar (Lair:1)
  2 two-headed ogres
  A death yak (D:9)
  Sonja (D:10)
  Nergalle (Lair:3)
  Pikel (D:4)
  2 black mambas
  5 spiny frogs
  2 komodo dragons
  2 rime drakes (Lair:4)
  8 polar bears
  3 blink frogs (Lair:4)
  5 hippogriffs
  7 dream sheep (Lair:2)
  4 wraiths (D:10)
  A wyvern (Lair:1)
  A basilisk (Lair:1)
  A hungry ghost (D:9)
  A human (D:9)
  19 yaks
  4 hogs (D:9)
  A death yak simulacrum (IceCv)
  7 water moccasins
  4 porcupines
  5 black bears
  2 sky beasts
  2 slaves (D:4)
  An ice beast (D:8)
  2 orc warriors
  A hornet zombie (D:9)
  A necrophage (D:9)
  2 ogres
  2 centaurs (D:9)
  10 crocodiles
  11 bullfrogs
  A scorpion (D:5)
  11 killer bees (D:9)
  6 wights
  5 howler monkeys
  A centaur zombie (D:9)
  A bullfrog zombie (D:5)
  2 centaur skeletons
  2 orc priests (D:5)
  8 hounds
  A bullfrog skeleton (D:6)
  Natasha (twice) (D:2)
  9 worker ants
  An iguana (D:7)
  5 orc wizards
  A wolf simulacrum (IceCv)
  A hound zombie (D:7)
  2 worker ant zombies
  Robin (D:2)
  10 gnolls
  7 adders
  2 shadow imps
  2 white imps (D:9)
  2 oozes
  3 ufetubi
  2 adder skeletons
  7 leopard geckos
  16 orcs
  9 giant cockroaches
  20 goblins
  13 hobgoblins
  7 jackals
  2 quokkas
  A ball python (D:2)
  6 bats
  5 frilled lizards
  7 kobolds
  2 leopard gecko skeletons (D:4)
  8 rats
317 creatures vanquished.

Vanquished Creatures (collateral kills)
  A hydra (Lair:3)
  An ice beast (D:10)
2 creatures vanquished.

Vanquished Creatures (others)
  2 orc warriors
  An orc priest (Lair:3)
  An adder (D:5)
  7 orcs
  A fungus (Lair:4)
  A plant (Lair:2)
13 creatures vanquished.

Grand Total: 332 creatures vanquished

Notes
Turn   | Place    | Note
-------+----------+-------------------------------------------
     0 | D:1      | Firecrotchwizard the Hill Orc Monk began the quest for the
                  | Orb.
     0 | D:1      | Reached XP level 1. HP: 19/19 MP: 1/1
   388 | D:1      | Reached XP level 2. HP: 25/27 MP: 2/2
   631 | D:1      | Reached skill level 4 in Fighting
   631 | D:1      | Reached skill level 4 in Polearms
   880 | D:1      | Reached XP level 3. HP: 31/33 MP: 3/3
  1203 | D:2      | Noticed Natasha
  1581 | D:2      | Noticed Robin
  1655 | D:2      | Killed Robin
  1655 | D:2      | Reached XP level 4. HP: 33/41 MP: 4/4
  1985 | D:2      | HP: 10/41 [poisoned by a kobold]
  1986 | D:2      | Killed Natasha
  1986 | D:2      | Reached skill level 5 in Polearms
  1990 | D:2      | HP: 5/41 [poisoned by a kobold]
  1998 | D:2      | HP: 3/41 [poisoned by a kobold]
  2006 | D:2      | HP: 2/41 [poisoned by a kobold]
  2038 | D:2      | Noticed Natasha
  2045 | D:2      | HP: 7/41 [Natasha/magic dart (8)]
  2051 | D:2      | HP: 6/41 [Natasha (2)]
  2060 | D:2      | Killed Natasha
  2060 | D:2      | Reached XP level 5. HP: 5/47 MP: 5/5
  2848 | D:3      | Found a white marble altar of Elyvilon.
  2887 | D:3      | Reached skill level 5 in Fighting
  2987 | D:3      | Found a sacrificial altar of Ru.
  3030 | D:3      | Found a sparkling altar of Nemelex Xobeh.
  3188 | D:3      | Found a glowing golden altar of the Shining One.
  3189 | D:3      | Found a hazy altar of Hepliaklqana.
  3533 | D:4      | Reached skill level 6 in Polearms
  3753 | D:4      | Found a radiant altar of Vehumet.
  3783 | D:4      | Noticed an ogre
  3931 | D:4      | Reached XP level 6. HP: 47/56 MP: 6/6
  4141 | D:4      | Noticed a slave
  4171 | D:4      | Killed a slave
  4191 | D:4      | Noticed a slave
  4192 | D:4      | Noticed Pikel
  4192 | D:4      | Noticed a slave
  4211 | D:4      | Noticed a slave
  4220 | D:4      | Killed a slave
  4241 | D:4      | Killed Pikel
  4241 | D:4      | Reached skill level 6 in Fighting
  4241 | D:4      | Reached skill level 8 in Polearms
  4241 | D:4      | Reached XP level 7. HP: 22/64 MP: 7/7
  4812 | D:4      | Noticed Sigmund
  4865 | D:4      | Noticed Edmund
  4906 | D:5      | Entered Level 5 of the Dungeon
  5173 | D:5      | Became a worshipper of Beogh the Brigand
  5173 | D:5      | Reached * piety under Beogh
  5173 | D:5      | Reached ** piety under Beogh
  5189 | D:5      | Reached skill level 7 in Fighting
  5189 | D:5      | Reached XP level 8. HP: 57/73 MP: 8/8
  5584 | D:5      | Reached skill level 9 in Polearms
  5745 | D:5      | Reached skill level 1 in Invocations
  6160 | D:6      | Noticed a +0 hand axe
  6161 | D:6      | Noticed a +0 dagger
  6162 | D:6      | Found a hide-covered altar of Uskayaw.
  6458 | D:6      | Reached skill level 2 in Invocations
  7128 | D:6      | Reached skill level 3 in Invocations
  7436 | D:6      | Reached skill level 8 in Fighting
  7436 | D:6      | Reached skill level 10 in Polearms
  7736 | D:7      | Reached XP level 9. HP: 71/81 MP: 11/11
  7805 | D:7      | Found a staircase to the Ecumenical Temple.
  7824 | D:7      | Reached skill level 4 in Invocations
  7851 | D:7      | HP: 19/81 [water moccasin (7)]
  7857 | D:7      | HP: 14/81 [water moccasin (6)]
  7861 | D:7      | HP: 2/81 [water moccasin (6)]
  9465 | D:8      | Found a basalt altar of Yredelemnul.
  9484 | D:8      | Reached skill level 5 in Invocations
  9677 | D:8      | Found a stormy altar of Qazlal.
  9784 | D:8      | Reached *** piety under Beogh
  9995 | D:9      | Reached skill level 11 in Polearms
 10001 | D:9      | Reached skill level 9 in Fighting
 10110 | D:9      | Reached skill level 6 in Invocations
 10340 | D:9      | Identified the cursed +1 halberd "Enlacy" {antimagic,
                  | Int+10} (You found it on level 9 of the Dungeon)
 10418 | D:9      | Noticed a two-headed ogre
 10429 | D:9      | Killed a two-headed ogre
 10429 | D:9      | Reached skill level 7 in Invocations
 10429 | D:9      | Reached XP level 10. HP: 28/92 MP: 10/15
 10613 | D:9      | Reached skill level 12 in Polearms
 10630 | D:9      | HP: 20/93 [killer bee (5)]
 10635 | D:9      | HP: 13/93 [poisoned by a worker ant]
 10640 | D:9      | HP: 9/93 [poisoned by a worker ant]
 10645 | D:9      | HP: 7/93 [poisoned by a worker ant]
 10651 | D:9      | HP: 5/93 [poisoned by a worker ant]
 10657 | D:9      | HP: 5/93 [poisoned by a worker ant]
 10665 | D:9      | HP: 5/93 [poisoned by a worker ant]
 11095 | D:9      | Found Zinym's Assorted Antiques.
 11098 | D:9      | Bought a knobbly cabochon ring for 100 gold pieces
 11098 | D:9      | Bought a wooden ring for 100 gold pieces
 11098 | D:9      | Bought a scroll of teleportation for 60 gold pieces
 11130 | D:9      | Reached skill level 10 in Fighting
 11707 | D:9      | Found a basalt altar of Yredelemnul.
 11829 | D:9      | Reached skill level 8 in Invocations
 12146 | D:10     | Entered Level 10 of the Dungeon
 12176 | D:10     | Found Pugud's Distillery.
 12179 | D:10     | Found Buttaif's Antique Armour Shoppe.
 12190 | D:10     | Found Raimocu's Jewellery Shoppe.
 12193 | D:10     | Found Nigoa's Gadget Shoppe.
 12211 | D:10     | Bought a potion of heal wounds for 70 gold pieces
 12251 | D:10     | Noticed Sonja
 12262 | D:10     | Killed Sonja
 12262 | D:10     | Reached skill level 13 in Polearms
 12331 | D:10     | Found a staircase to the Lair.
 12332 | D:10     | Noticed a death yak
 12362 | D:10     | Reached XP level 11. HP: 78/101 MP: 17/17
 12543 | D:9      | Killed a death yak
 12543 | D:9      | Reached skill level 11 in Fighting
 12543 | D:9      | Reached skill level 9 in Invocations
 12545 | D:9      | HP: 24/102 [yak (3)]
 13047 | D:10     | Noticed a two-headed ogre
 13051 | D:10     | Killed a two-headed ogre
 13203 | D:10     | Noticed Josephine
 13214 | D:10     | Killed Josephine
 13214 | D:10     | Reached skill level 14 in Polearms
 13241 | D:10     | Reached skill level 10 in Invocations
 13750 | Lair:1   | Entered Level 1 of the Lair of Beasts
 14792 | Lair:1   | Reached skill level 12 in Fighting
 14805 | Lair:1   | Reached XP level 12. HP: 112/112 MP: 18/20
 14833 | Lair:1   | Noticed a four-headed hydra
 14838 | Lair:1   | Killed a four-headed hydra
 14997 | Lair:1   | Noticed Fannar
 15012 | Lair:1   | Killed Fannar
 15012 | Lair:1   | Reached skill level 15 in Polearms
 15012 | Lair:1   | Reached skill level 11 in Invocations
 16043 | Lair:2   | Found a staircase to the Snake Pit.
 16913 | Lair:3   | Reached skill level 1 in Armour
 17499 | Lair:3   | Noticed a six-headed hydra
 17505 | Lair:3   | Killed a six-headed hydra
 17662 | Lair:3   | Found a staircase to the Swamp.
 17703 | Lair:3   | Reached skill level 2 in Armour
 18035 | Lair:3   | Reached skill level 13 in Fighting
 18035 | Lair:3   | Reached skill level 12 in Invocations
 18381 | Lair:4   | Gained Norbak as an ally
 18381 | Lair:4   | Gained Arbolt as an ally
 18451 | Lair:3   | Reached skill level 16 in Polearms
 18507 | Lair:4   | Noticed Nergalle
 18534 | Lair:3   | Killed Nergalle
 18534 | Lair:3   | Reached skill level 3 in Armour
 18616 | Lair:4   | Noticed a six-headed hydra
 18626 | Lair:3   | Your ally Arbolt died
 18626 | Lair:3   | Killed a six-headed hydra
 18811 | Lair:4   | Reached XP level 13. HP: 96/122 MP: 22/22
 18958 | Lair:4   | Reached skill level 4 in Armour
 18997 | Lair:4   | HP: 25/122 [black mamba (12)]
 19030 | Lair:4   | HP: 28/122 [polar bear (4)]
 19075 | Lair:4   | Found a frozen archway.
 19174 | IceCv    | Entered an ice cave
 19186 | IceCv    | HP: 25/122 [alligator simulacrum (16)]
 19187 | IceCv    | HP: 7/122 [wolf spider simulacrum (6)]
 19187 | IceCv    | Mangled by a wolf spider simulacrum

Illustrated notes

Levels and vault maps discovered:
D:1:      dpeg_arrival_erosion, layout_loops_ring
D:2:      layout_basic, uniq_robin, uniq_natasha
D:3:      cheibrodos_greedy_goblins, layout_basic,
          chequers_temple_overflow_statue_of_worship, nemelex_altar_shiori,
          first_ration, elyvilon_altar_4
D:4:      layout_basic, lemuel_crystal_altar, sigmund_edmund_badplayer,
          uniq_pikel
D:5:      layout_rooms
D:6:      layout_basic, dancing_weapons_uskayaw
D:7:      layout_basic, minmay_temple_entry_waves
D:8:      layout_cave_pools, marbit_many_paths, kennysheep_little_box
D:9:      layout_basic, serial_shops, kennysheep_mini_moat, basic_altar,
          grunt_livestock
D:10:     layout_irregular_city, david_lair_generic, solitary_fountain,
          minmay_shop_grid_forest, minmay_misc_feat_chi, uniq_josephine,
          uniq_sonja
Lair:1:   layout_layer_cave, uniq_fannar
Lair:2:   layout_regular_city, dummy_snake_entry, chequers_serial_rivers_micro_d
Lair:3:   beast_lair_carwin_large_2, layout_regular_city, swamp_mist
Lair:4:   layout_roguey, portal_ice_cave_rime, beast_lair_carwin_3,
          uniq_nergalle
IceCv:    ice_cave_small_necro

Skill      XL: |  1  2  3  4  5  6  7  8  9 10 11 12 13 |
---------------+----------------------------------------+-----
Fighting       | 4 5 6 7 8 9 10 12 13 | 13.6
Polearms       | 4 5 6 8 10 11 13 14 16 | 16.0
Invocations    | 3 7 8 10 12 | 12.7
Armour         | 3 4 |  4.8
Dodging        | |  2.4
Stealth        | |  1.5

Action                   |  1- 3 |  4- 6 |  7- 9 | 10-12 | 13-15 || total
-------------------------+-------+-------+-------+-------+-------++-------
Melee: Spear             |   164 |   328 |   384 |       |       ||   876
       Halberd           |       |       |   144 |   552 |    77 ||   773
Throw: Dart              |       |     3 |     5 |       |       ||     8
Invok: Convert to Beogh  |       |       |     1 |       |       ||     1
       Smiting           |       |       |     6 |    18 |       ||    24
Evoke: Wand              |       |       |     4 |     1 |       ||     5
  Use: Potion            |       |     1 |     2 |       |     1 ||     4
       Scroll            |       |     7 |     5 |    12 |     1 ||    25
 Stab: Sleeping          |     5 |     1 |       |       |       ||     6
       Distracted        |       |       |       |     1 |       ||     1
  Eat: Chunk             |     2 |     9 |    20 |    23 |       ||    54
       Ration            |       |       |     2 |     1 |       ||     3
Armor: Robe              |    10 |       |       |       |       ||    10
       Ring mail         |    24 |    87 |   124 |   109 |       ||   344
       Skin              |       |       |    15 |       |       ||    15
       Chain mail        |       |       |       |   177 |    40 ||   217
Dodge: Dodged            |    54 |   127 |   167 |   210 |    19 ||   577
Block: Kite shield       |       |    37 |    78 |       |       ||   115

Table legend:
 A = Non-vault XP
 B = Vault XP
 C = Vault XP percentage of total XP
 D = Non-vault monster count
 E = Vault monster count
 F = Vault count percentage of total count
                 A         B        C        D         E       F
            +---------+---------+-------+---------+---------+-------
      Total |   24775 |   10764 |  30.3 |     264 |      53 |  16.7
            +---------+---------+-------+---------+---------+-------
        D:1 |      34 |       0 |   0.0 |      23 |       0 |   0.0
        D:2 |      91 |      67 |  42.4 |      25 |      10 |  28.6
        D:3 |      52 |      17 |  24.6 |      13 |       9 |  40.9
        D:4 |     282 |     607 |  68.3 |      17 |       1 |   5.6
        D:5 |     337 |       0 |   0.0 |      12 |       0 |   0.0
        D:6 |     825 |       0 |   0.0 |      22 |       0 |   0.0
        D:7 |     691 |       0 |   0.0 |      16 |       0 |   0.0
        D:8 |     477 |       8 |   1.6 |      10 |       1 |   9.1
        D:9 |    3477 |    1789 |  34.0 |      39 |       6 |  13.3
       D:10 |    3656 |    3086 |  45.8 |      26 |       9 |  25.7
     Lair:1 |    4592 |     908 |  16.5 |      19 |       1 |   5.0
     Lair:2 |    3513 |       0 |   0.0 |      16 |       0 |   0.0
     Lair:3 |    4644 |    2368 |  33.8 |      17 |       8 |  32.0
     Lair:4 |    2104 |    1710 |  44.8 |       9 |       6 |  40.0
      IceCv |       0 |     204 | 100.0 |       0 |       2 | 100.0
            +---------+---------+-------+---------+---------+-------

Levels and vault maps discovered:
D:1:      dpeg_arrival_erosion, layout_loops_ring
D:2:      layout_basic, uniq_robin, uniq_natasha
D:3:      cheibrodos_greedy_goblins, layout_basic,
          chequers_temple_overflow_statue_of_worship, nemelex_altar_shiori,
          first_ration, elyvilon_altar_4
D:4:      layout_basic, lemuel_crystal_altar, sigmund_edmund_badplayer,
          uniq_pikel
D:5:      layout_rooms
D:6:      layout_basic, dancing_weapons_uskayaw
D:7:      layout_basic, minmay_temple_entry_waves
D:8:      layout_cave_pools, marbit_many_paths, kennysheep_little_box
D:9:      layout_basic, serial_shops, kennysheep_mini_moat, basic_altar,
          grunt_livestock
D:10:     layout_irregular_city, david_lair_generic, solitary_fountain,
          minmay_shop_grid_forest, minmay_misc_feat_chi, uniq_josephine,
          uniq_sonja
Lair:1:   layout_layer_cave, uniq_fannar
Lair:2:   layout_regular_city, dummy_snake_entry, chequers_serial_rivers_micro_d
Lair:3:   beast_lair_carwin_large_2, layout_regular_city, swamp_mist
Lair:4:   layout_roguey, portal_ice_cave_rime, beast_lair_carwin_3,
          uniq_nergalle
IceCv:    ice_cave_small_necro

Table legend:
 A = Turns spent in this place as a percentage of turns spent in the entire game.
 B = Non-inter-level travel turns spent in this place as a percentage of non-inter-level travel turns spent in the entire game.
 C = Inter-level travel turns spent in this place as a percentage of turns spent in this place.
 D = Turns resting spent in this place as a percentage of non-inter-level travel turns spent in this place.
 E = Turns spent auto-exploring this place as a percentage of non-inter-level travel turns spent in this place.
 F = Non-inter-level travel turns spent in this place divided by the number of levels of this place that you've seen.
                   A       B       C       D       E      F
               +-------+-------+-------+-------+-------+----------------------
         Total | 100.0 | 100.0 |   3.0 |  35.1 |  47.7 | 1240.8
       Dungeon |  71.7 |  71.3 |   3.4 |  36.6 |  45.4 | 1327.9
          Lair |  28.3 |  28.6 |   1.9 |  31.4 |  53.4 | 1330.0
      Ice Cave |   0.1 |   0.1 |   0.0 |   0.0 |   0.0 |  13.0
               +-------+-------+-------+-------+-------+----------------------

Table legend:
 A = Kills in this place as a percentage of kills in entire the game.
 B = Kills by you in this place as a percentage of kills by you in the entire game.
 C = Kills by friends in this place as a percentage of kills by friends in the entire game.
 D = Other kills in this place as a percentage of other kills in the entire game.
 E = Experience gained in this place as a percentage of experience gained in the entire game.
 F = Experience gained in this place divided by the number of levels of this place that you have seen.
                   A       B       C       D       E      F
               +-------+-------+-------+-------+-------+----------------------
         Total | 100.0 | 100.0 | 100.0 |   N/A | 100.0 | 2369.3
       Dungeon |  75.4 |  75.6 |  50.0 |   N/A |  43.6 | 1549.6
          Lair |  24.0 |  23.8 |  50.0 |   N/A |  55.8 | 4959.8
      Ice Cave |   0.6 |   0.6 |   0.0 |   N/A |   0.6 | 204.0
               +-------+-------+-------+-------+-------+----------------------
